 Dungeon Crawl Stone Soup version 0.30.1-3-gfc49f6343a (webtiles) character file.

Game seed: 10408896863020209702

2626 spardeous the Geomancer (level 9, -1/62 HPs)
             Began as a Demigod Earth Elementalist on July 28, 2023.
             Slain by a killer bee (8 damage)
             ... on level 7 of the Dungeon.
             The game lasted 00:09:23 (6182 turns).

spardeous the Geomancer (DgEE)                      Turns: 6182, Time: 00:09:24

Health: -1/62      AC:  4    Str:  9    XL:     9   Next: 13%
Magic:  4/21       EV: 11    Int: 33    God:
Gold:   428        SH:  0    Dex: 14    Spells: 10/19 levels left

rFire   + . .        k - +5 hand axe of Drought {heavy, +Blink Int+4}
rCold   . . .        (no shield)
rNeg    . . .        F - +0 leather armour {rF+}
rPois   .            E - +0 helmet
rElec   .            s - scarf {+Inv}
rCorr   .            (no gloves)
SInv    .            (no boots)
Will    .....        v - amulet of magic regeneration
Stlth   ++           g - +4 ring of slaying
HPRegen 0.30/turn    p - ring of wizardry
MPRegen 0.57/turn

%: wizardry (x1)
@: lethally poisoned (-1 -> -7)
A: high MP 1, forlorn, divine attributes
a: Evoke Blink, Evoke Invisibility


You were on level 7 of the Dungeon.
You visited 1 branch of the dungeon, and saw 7 of its levels.

You collected 428 gold pieces.

Inventory:

Hand Weapons
 k - the +5 hand axe of Drought (weapon) {heavy, +Blink Int+4}
   (You found it on level 2 of the Dungeon)

   Int:       It affects your intelligence (+4).
   +Blink:    It lets you blink.
Armour
 a - a +0 robe
 e - a +0 kite shield
 i - a +0 robe of fire resistance
 j - a +0 hat
 r - a +0 leather armour of cold resistance
 s - a scarf of invisibility (worn)
 E - a +0 helmet (worn)
 F - a +0 leather armour of fire resistance (worn)
Jewellery
 g - a +4 ring of slaying (left hand)
 p - a ring of wizardry (right hand)
 q - an amulet of reflection
 v - an amulet of magic regeneration (around neck)
Wands
 y - a wand of roots (6)
 A - a wand of light (3)
Scrolls
 d - a scroll of fog {unknown}
 f - 2 scrolls of teleportation {unknown}
 h - 3 scrolls of identify {unknown}
 o - a scroll of blinking
 t - a scroll of enchant weapon {unknown}
 u - a scroll of immolation {unknown}
 B - 3 scrolls of noise {unknown}
 G - 2 scrolls of fear {unknown}
 K - a scroll of magic mapping {unknown}
Potions
 b - 3 potions of magic
 c - a potion of mutation {unknown}
 l - a potion of berserk rage {unknown}
 m - a potion of ambrosia {unknown}
 n - a potion of might {unknown}
 w - a potion of flight {unknown}
 z - 2 potions of attraction {unknown}
 C - a potion of brilliance {unknown}
 D - 2 potions of invisibility {unknown}
 H - a potion of resistance {unknown}
 I - a potion of haste {unknown}
 J - a potion of degeneration {unknown}
 L - a potion of lignification {unknown}


   Skills:
 - Level 1.7 Dodging
 - Level 1.7 Stealth
 + Level 5.7 Spellcasting
 + Level 5.8 Conjurations
 + Level 2.2 Transmutations
 + Level 8.2 Earth Magic


You had 10 spell levels left.
You knew the following spells:

 Your Spells              Type           Power      Damage    Failure   Level
a - Sandblast             Erth           100%       2d20      1%          1
b - Stone Arrow           Conj/Erth      100%       3d13      1%          3
c - Iskenderun's Battles  Conj           48%        2d10      6%          5

Your spell library contained the following spells:

 Spells                   Type           Power      Damage    Failure   Level
 Passwall                 Tmut/Erth      36%        N/A       1%          2
 Dazzling Flash           Conj/Hex       56%        N/A       2%          3
 Petrify                  Tmut/Erth      44%        N/A       2%          4
 Lesser Beckoning         Tloc           18%        N/A       4%          2
 Scorch                   Fire           18%        2d5       4%          2
 Gell's Gravitas          Tloc           9%         N/A       8%          3
 Teleport Other           Tloc           9%         N/A       8%          3
 Vhi's Electric Charge    Tloc/Air       18%        N/A       8%          3
 Volatile Blastmotes      Fire/Tloc      18%        2d11      8%          3
 Flame Wave               Conj/Fire      28%        2d9       8%          4
 Iskenderun's Mystic Bla  Conj/Tloc      28%        2d7       8%          4
 Arcjolt                  Conj/Air       14%        1d24      21%         5
 Iron Shot                Conj/Erth      27%        9d6       21%         6
 Anguish                  Hex/Necr       4%         N/A       24%         4
 Agony                    Necr           9%         N/A       52%         5
 Silence                  Hex/Air        4%         N/A       52%         5
 Starburst                Conj/Fire      14%        6d6       71%         6
 Plasma Beam              Fire/Air       4%         2x1d16    97%         6
 Summon Cactus Giant      Summ           4%         N/A       97%         6
 Spellforged Servitor     Conj/Summ      14%        N/A       99%         7


Dungeon Overview and Level Annotations

Branches:
Dungeon (7/15)
 Temple: D:4-7

Shops:
D:1 *


Innate Abilities, Weirdness & Mutations

You have an increased reservoir of magic. (+10% MP)
You shall have no god before yourself.
Your divine heritage dramatically boosts your attributes as you level up.


Message History

Casting: Stone Arrow (safe; 1% risk of failure)
Confirm with . or Enter, or press ? or * to list all spells.
Aiming: Stone Arrow (safe; 1% risk of failure)
Press: ? - help, Shift-Dir - straight line, f - killer bee
Aim: a killer bee (55% to hit)
The stone arrow misses the killer bee.
The killer bee stings you but does no damage.
The killer bee stings you.
* * * LOW HITPOINT WARNING * * *
You now have 11/21 mp.
Casting: Stone Arrow (safe; 1% risk of failure)
Confirm with . or Enter, or press ? or * to list all spells.
Aiming: Stone Arrow (safe; 1% risk of failure)
Press: ? - help, Shift-Dir - straight line, f/p - killer bee
Aim: a killer bee (55% to hit)
The stone arrow misses the killer bee.
The killer bee closely misses you. x2
You now have 9/21 mp.
Unknown command.
Casting: Stone Arrow (safe; 1% risk of failure)
Confirm with . or Enter, or press ? or * to list all spells.
Aiming: Stone Arrow (safe; 1% risk of failure)
Press: ? - help, Shift-Dir - straight line, f/p - killer bee
Aim: a killer bee (55% to hit)
The stone arrow hits the killer bee!
The killer bee is almost dead.
The killer bee stings you but does no damage.
The killer bee stings you.
* * * LOW HITPOINT WARNING * * *
You are poisoned.
The killer bee poisons you!
You take 4 damage, and have 9/62 hp.
You now have 6/21 mp.
Casting: Stone Arrow (safe; 1% risk of failure)
Confirm with . or Enter, or press ? or * to list all spells.
Aiming: Stone Arrow (safe; 1% risk of failure)
Press: ? - help, Shift-Dir - straight line, f/p - killer bee
Aim: a killer bee (almost dead, 55% to hit)
The stone arrow misses the killer bee.
* * * LOW HITPOINT WARNING * * *
You feel sick. The killer bee stings you!
You die...

#.##.#.#
#.##.#.#
#######.##.#.#
........<..#.#
........####.#
######### ##.#
#†.# #y## #@#
#.# #.# #.#
#.# #.# #.#
#.#


You could see a killer bee.

Vanquished Creatures
  Grinder (D:5)
  Sigmund (D:5)
  5 yaks (D:5)
  Eustachio (D:5)
  Edmund (D:5)
  Duvessa (D:5)
  A black bear (D:6)
  An ogre (D:6)
  Blork the orc (D:5)
  4 wights (D:6)
  Dowan (D:5)
  4 killer bees (D:7)
  A bullfrog zombie (D:4)
  5 hounds
  A jelly (D:6)
  An orc wizard (D:4)
  3 iguanas
  A hound zombie (D:4)
  7 adders
  3 gnolls (D:2)
  A shadow imp (D:5)
  A white imp (D:6)
  3 adder zombies (D:4)
  A worm (D:2)
  4 dart slugs
  9 orcs
  8 endoplasms
  A giant cockroach (D:1)
  6 goblins
  7 hobgoblins
  5 quokkas
  10 ball pythons
  6 bats
  8 frilled lizards
  6 kobolds
  8 rats
  A spectral goblin (D:1)
129 creatures vanquished.

Notes
Turn   | Place    | Note
-------+----------+-------------------------------------------
     0 | D:1      | spardeous the Demigod Earth Elementalist began the quest
                  | for the Orb.
     0 | D:1      | Reached XP level 1. HP: 14/14 MP: 5/5
    43 | D:1      | Found Anyracoi's General Store.
   135 | D:1      | Reached skill level 3 in Earth Magic
   299 | D:1      | Reached XP level 2. HP: 20/20 MP: 5/7
   899 | D:1      | Reached XP level 3. HP: 26/26 MP: 6/8
  1142 | D:2      | Learned a level 3 spell: Stone Arrow
  1146 | D:2      | Reached skill level 4 in Earth Magic
  1419 | D:2      | Reached XP level 4. HP: 33/33 MP: 6/9
  1810 | D:2      | Identified the +5 hand axe of Drought {heavy, +Blink Int+4}
  2140 | D:2      | Reached skill level 5 in Earth Magic
  3149 | D:4      | Reached XP level 5. HP: 30/38 MP: 6/10
  3481 | D:4      | Got Ucvus's Opusculum on Charms
  3560 | D:4      | Reached skill level 1 in Conjurations
  3796 | D:5      | Entered Level 5 of the Dungeon
  3797 | D:5      | Noticed Sigmund
  3970 | D:5      | Noticed Duvessa
  3985 | D:5      | Noticed Eustachio
  3993 | D:5      | Noticed Dowan
  4016 | D:5      | Killed Sigmund
  4017 | D:5      | Reached skill level 6 in Earth Magic
  4017 | D:5      | Reached XP level 6. HP: 28/45 MP: 3/13
  4049 | D:5      | Killed Eustachio
  4311 | D:5      | Killed Duvessa
  4312 | D:5      | Reached XP level 7. HP: 47/50 MP: 5/15
  4319 | D:5      | Noticed Edmund
  4320 | D:5      | Killed Dowan
  4417 | D:5      | Killed Edmund
  4487 | D:5      | Noticed a yak
  4488 | D:5      | Noticed a yak
  4508 | D:5      | Killed a yak
  4533 | D:5      | Noticed a yak
  4534 | D:5      | Noticed a yak
  4541 | D:5      | Noticed a yak
  4542 | D:5      | Killed a yak
  4543 | D:5      | Reached skill level 7 in Earth Magic
  4553 | D:5      | Killed a yak
  4554 | D:5      | Reached XP level 8. HP: 37/57 MP: 6/18
  5072 | D:5      | Reached skill level 5 in Spellcasting
  5094 | D:5      | Noticed Blork the orc
  5099 | D:5      | Killed Blork the orc
  5100 | D:5      | Reached skill level 5 in Conjurations
  5326 | D:5      | Noticed Grinder
  5329 | D:5      | Killed Grinder
  5571 | D:6      | Identified the +1 trident of Zetyomul {drain, Drain rElec
                  | Str+3 SInv}
  5587 | D:6      | Reached skill level 1 in Transmutations
  5601 | D:6      | Reached skill level 8 in Earth Magic
  5787 | D:6      | Reached XP level 9. HP: 62/62 MP: 21/21
  5797 | D:6      | Learned a level 5 spell: Iskenderun's Battlesphere
  6182 | D:7      | Slain by a killer bee

Illustrated notes

Levels and vault maps discovered:
D:1:      eino_arrival_druids_welcome, layout_loops_cross, serial_shops, shop,
          dreamdust_ecumenical_altar_drowned_temple, serial_bayou_crossing
D:2:      layout_basic
D:3:      layout_basic, bloody_trog, hex_tiny, minmay_statues_item,
          minmay_distorted
D:4:      minmay_evil_eye, layout_cave_pools, nicolae_yredelemnul_corpse_copse
D:5:      cheibrodos_quashed, layout_loops_cross,
          mainiacjoe_overflow_six_doors_small,
          nicolae_uskayaw_murder_on_the_dancefloor,
          nicolae_dithmenos_shadow_blocks, fiery_altar_vehumet, uniq_eustachio,
          uniq_sigmund, uniq_blork_the_orc, uniq_edmund, uniq_duvessa,
          uniq_grinder
D:6:      layout_cave_pools
D:7:      nicolae_cairo_tiling, layout_loops_ring, kennysheep_okawaru_gauntlet

Skill      XL: |  1  2  3  4  5  6  7  8  9 |
---------------+----------------------------+-----
Earth Magic    | 3 4 5 6 7 8 |  8.2
Spellcasting   | 2 3 4 5 |  5.7
Conjurations   | 2 4 5 |  5.8
Transmutations | 1 2 |  2.2
Dodging        | |  1.7
Stealth        | |  1.7

Action                     |  1- 3 |  4- 6 |  7- 9 || total
---------------------------+-------+-------+-------++-------
  Melee: Unarmed           |     2 |       |       ||     2
         Hand axe          |       |     4 |     1 ||     5
   Cast: Sandblast         |    59 |    64 |    37 ||   160
         Stone Arrow       |       |     9 |    33 ||    42
         Iskenderun's Batt |       |       |     3 ||     3
    Use: Scroll            |       |       |     1 ||     1
         Potion            |       |       |     2 ||     2
 Armour: Robe              |     8 |       |       ||     8
         Leather armour    |       |     2 |     7 ||     9
  Dodge: Dodged            |    28 |    13 |    20 ||    61
